 Dungeon Crawl Stone Soup version 0.29-a0-757-g358383bc75 (webtiles) character file.

Game seed: 1865508164662748936

1690 Turgor the Reanimator (level 8, 0/61 HPs)
             Began as a Mummy Necromancer on June 17, 2022.
             Slain by a wraith (11 damage)
             ... on level 6 of the Dungeon on June 30, 2022.
             The game lasted 00:53:40 (5851 turns).

Turgor the Reanimator (Mummy Necromancer)           Turns: 5851, Time: 00:53:41

Health: 0/61       AC:  2    Str: 11    XL:     8   Next: 72%
Magic:  18/18      EV: 16    Int: 22    God:
Gold:   169        SH:  5    Dex: 13    Spells: 7/20 levels left

rFire   x . .      SeeInvis .   q - +2 falchion (vorpal)
rCold   + . .      Faith    .   (no shield)
rNeg    + + +      Spirit   .   a - +0 robe
rPois   ∞          Reflect  +   (no helmet)
rElec   .          Harm     .   (no cloak)
rCorr   .          Rampage  .   (no gloves)
Will    +....                   (no boots)
Stlth   ++........              m - amulet of reflection
HPRegen 0.20/turn               g - +4 ring of evasion
MPRegen 0.16/turn               b - +6 ring of intelligence

@: slowed, very slow
A: cold resistance 1, negative energy resistance 3, torment resistance 2, heat
vulnerability 1, in touch with death 1, no potions
a: no special abilities


You were on level 6 of the Dungeon.
You visited 1 branch of the dungeon, and saw 6 of its levels.

You collected 169 gold pieces.

Inventory:

Hand Weapons
 d - a +0 spear
 e - a +0 dagger
 k - a +0 sling
 q - a +2 vorpal falchion (weapon)
 u - a +4 hand axe
Missiles
 w - a curare-tipped dart
Armour
 a - a +0 robe (worn)
Jewellery
 b - a +6 ring of intelligence (right hand)
 g - a +4 ring of evasion (left hand)
 m - an amulet of reflection (around neck)
 n - a +6 ring of dexterity
 p - a ring of fire
Wands
 c - a wand of flame (4)
 s - a wand of iceblast (3) (quivered)
Scrolls
 f - a scroll of blinking
 h - a scroll of summoning
 i - 2 scrolls of silence
 j - 2 scrolls of magic mapping
 l - 2 scrolls of teleportation
 o - 3 scrolls of amnesia
 r - a scroll of brand weapon
 t - a scroll of enchant weapon {unknown}
 v - a scroll of identify


   Skills:
 + Level 4.9 Fighting
 + Level 2.8 Long Blades
 - Level 2.0 Dodging
 - Level 2.0 Stealth
 + Level 6.7 Spellcasting
 * Level 8.4 Necromancy


You had 7 spell levels left.
You knew the following spells:

 Your Spells              Type           Power      Damage    Failure   Level
a - Necrotize             Necr           100%       1d9       1%          1
b - Vampiric Draining     Necr           61%        2d10      1%          3
c - Animate Dead          Necr           61%        N/A       2%          4
d - Agony                 Necr           61%        N/A       8%          5

Your spell library contained the following spells:

 Spells                   Type           Power      Damage    Failure   Level
 Gell's Gravitas          Tloc           7%         N/A       26%         3
 Lesser Beckoning         Tloc           7%         N/A       26%         3
 Teleport Other           Tloc           7%         N/A       26%         3


Dungeon Overview and Level Annotations

Branches:
Dungeon (6/15)
 Temple: D:4-7

Altars:

Shops:
D:4 (

Annotations:
D:6 exclusion: 2 doors, Maggie


Innate Abilities, Weirdness & Mutations

You are immune to poison.
Your flesh is cold resistant. (rC+)
You are immune to negative energy. (rN+++)
You are immune to unholy pain and torment.
You are vulnerable to heat. (rF-)
You are in touch with the powers of death.
You do not drink.


Message History

The wraith closely misses you. The wraith hits you.
The wraith drains your vigour!
You feel as though you will be slow longer.
You barely miss the wraith.
The wraith is heavily damaged.
The wraith hits you! The wraith drains your vigour!
You feel as though you will be slow longer.
The wraith closely misses you.
You hit the wraith.
The wraith is heavily damaged.
The wraith hits you. The wraith drains your vigour!
You feel as though you will be slow longer.
The wraith misses you.
You hit the wraith but do no damage.
The wraith is heavily damaged.
The wraith misses you. The wraith barely misses you.
You hit the wraith.
The wraith is severely damaged.
The wraith closely misses you.
You hit the wraith.
The wraith is almost destroyed.
The wraith hits you but does no damage. The wraith completely misses you.
You closely miss the wraith.
The wraith is almost destroyed.
The wraith barely misses you. The wraith hits you!
You closely miss the wraith.
The wraith is almost destroyed.
The wraith barely misses you.
You closely miss the wraith.
The wraith is almost destroyed.
The wraith hits you. The wraith drains your vigour!
You feel as though you will be slow longer.
The wraith hits you!
* * * LOW HITPOINT WARNING * * *
The wraith drains your vigour!
You feel as though you will be slow longer.
You hit the wraith.
The wraith is almost destroyed.
The wraith barely misses you. The wraith hits you!
You die...

#........####..
.....##
######.....####
....##§ #####.#
#.# #.# #.# §
#[# ≈§ ##.######
§§ #....@W.#≈§§#
#.....#####.§≈≈#
##...# #.§§.....
#### #....####
######


You could see a wraith.

Vanquished Creatures
  Grinder (D:4)
  An ice beast (D:5)
  3 ogres
  2 phantoms (D:4)
  A kobold brigand (D:6)
  A necrophage (D:4)
  3 scorpions
  A howler monkey (D:4)
  A jelly (D:4)
  A hound (D:3)
  2 iguanas (D:5)
  Terence (D:2)
  Natasha (thrice) (D:3)
  8 adders
  5 gnolls (D:5)
  2 ufetubi
  3 worms
  3 orcs
  7 endoplasms
  2 giant cockroaches
  10 goblins
  15 hobgoblins
  6 jackals
  8 kobolds
  2 quokkas (D:3)
  10 ball pythons
  11 bats
  6 frilled lizards
  9 rats
128 creatures vanquished.

Vanquished Creatures (collateral kills)
  2 scorpions (D:5)
  A necrophage (D:5)
  An adder (D:2)
  3 gnolls (D:5)
  A goblin (D:1)
  A jackal (D:2)
  3 ball pythons
  A bat (D:3)
  A frilled lizard (D:3)
14 creatures vanquished.

Vanquished Creatures (others)
  An ogre zombie (D:5)
  4 gnoll zombies (D:5)
  A hobgoblin zombie (D:4)
  A plant (D:1)
7 creatures vanquished.

Grand Total: 149 creatures vanquished

Notes
Turn   | Place    | Note
-------+----------+-------------------------------------------
     0 | D:1      | Turgor the Mummy Necromancer began the quest for the Orb.
     0 | D:1      | Reached XP level 1. HP: 13/13 MP: 4/4
   112 | D:1      | Reached XP level 2. HP: 20/20 MP: 3/5
   213 | D:1      | Found a faded altar of an unknown god.
   390 | D:1      | Gained mutation: You are in touch with the powers of death.
                  | [Mummy growth]
   390 | D:1      | Reached XP level 3. HP: 25/25 MP: 4/7
   637 | D:2      | Learned a level 3 spell: Vampiric Draining
   670 | D:2      | Reached skill level 1 in Fighting
   809 | D:2      | Reached XP level 4. HP: 32/32 MP: 0/8
  1390 | D:2      | Noticed Terence
  1399 | D:2      | Killed Terence
  1400 | D:2      | Reached skill level 5 in Necromancy
  1700 | D:3      | Reached XP level 5. HP: 37/38 MP: 4/10
  1892 | D:3      | Learned a level 4 spell: Animate Dead
  1911 | D:3      | Noticed Natasha
  1916 | D:3      | Killed Natasha
  2142 | D:3      | Noticed Natasha
  2147 | D:3      | Killed Natasha
  2445 | D:3      | Noticed Natasha
  2453 | D:3      | Killed Natasha
  2770 | D:3      | Reached XP level 6. HP: 46/46 MP: 9/12
  2986 | D:4      | Found Wufeitiusch's Weapon Shoppe.
  3162 | D:4      | Noticed Grinder
  3171 | D:4      | Paralysed by Grinder for 3 turns
  3255 | D:4      | Upgraded the game from 0.29-a0-617-g7a6b98fccd to
                  | 0.29-a0-648-g6b26cc9f40
  3360 | D:4      | Reached skill level 6 in Necromancy
  3698 | D:4      | Reached XP level 7. HP: 52/52 MP: 11/14
  4099 | D:5      | Entered Level 5 of the Dungeon
  4123 | D:5      | Reached skill level 5 in Spellcasting
  4288 | D:4      | Reached skill level 1 in Long Blades
  4418 | D:4      | Reached skill level 7 in Necromancy
  4713 | D:5      | Upgraded the game from 0.29-a0-648-g6b26cc9f40 to
                  | 0.29-a0-653-gd47aff6735
  4752 | D:5      | Reached XP level 8. HP: 58/60 MP: 14/16
  5382 | D:4      | Killed Grinder
  5383 | D:4      | Reached skill level 8 in Necromancy
  5436 | D:5      | Upgraded the game from 0.29-a0-653-gd47aff6735 to
                  | 0.29-a0-664-gff9cad4a3d
  5646 | D:6      | Noticed Maggie
  5794 | D:5      | Upgraded the game from 0.29-a0-664-gff9cad4a3d to
                  | 0.29-a0-757-g358383bc75
  5800 | D:5      | Learned a level 5 spell: Agony
  5851 | D:6      | Slain by a wraith

Illustrated notes

Levels and vault maps discovered:
D:1:      nzn_arrival_crosshair, layout_rooms,
          shapermc_ecumenical_altar_hornbeckon
D:2:      layout_loops_ring, uniq_terence
D:3:      layout_loops_cross, solitary_fountain, minmay_misc_feat_tiny,
          grunt_ministairs_13, minmay_vboxes, uniq_natasha
D:4:      nicolae_cairo_tiling_very_big, layout_basic, serial_shops,
          nicolae_shop_crystal, uniq_grinder
D:5:      layout_cave_pools
D:6:      cheibrodos_steamvent, layout_rooms, kennysheep_opposing_triangles,
          uniq_maggie

Skill      XL: |  1  2  3  4  5  6  7  8 |
---------------+-------------------------+-----
Spellcasting   | 3 4 5 6 |  6.7
Fighting       | 1 2 3 4 |  4.9
Dodging        | 2 |  2.0
Stealth        | 2 |  2.0
Necromancy     | 5 6 7 8 |  8.4
Long Blades    | 1 2 |  2.8

Action                   |  1- 3 |  4- 6 |  7- 9 || total
-------------------------+-------+-------+-------++-------
Melee: Spear             |     6 |       |       ||     6
       Dagger            |     9 |    17 |       ||    26
       Sling             |       |     4 |       ||     4
       Falchion          |       |       |   107 ||   107
       Punch             |       |       |     2 ||     2
 Fire: Sling             |       |    34 |    11 ||    45
Throw: Boomerang         |    44 |     8 |       ||    52
 Cast: Necrotize         |    34 |   108 |    46 ||   188
       Animate Dead      |       |     1 |     4 ||     5
Evoke: Wand              |       |    10 |    11 ||    21
  Use: Scroll            |       |     8 |       ||     8
 Stab: Distracted        |     1 |       |       ||     1
Armor: Robe              |    10 |     3 |     9 ||    22
Dodge: Dodged            |    10 |    34 |    85 ||   129
Block: Other             |       |     5 |    21 ||    26

Table legend: (Time is in decaauts)
 A = Elapsed time spent in this place.
 B = Non-inter-level travel time spent in this place.
 C = Inter-level travel time spent in this place.
 D = Time resting spent in this place.
 E = Time spent auto-exploring this place.
 F = Levels seen in this place.
 G = Mean time per level.
                   A        B        C        D        E       F      G
               +--------+--------+--------+--------+--------+-----+--------+
         Total |   5925 |   5571 |    354 |    429 |   3294 |   6 |  987.5 |
       Dungeon |   5925 |   5571 |    354 |    429 |   3294 |   6 |  987.5 |
               +--------+--------+--------+--------+--------+-----+--------+

Top non-repeatable levels by time:
     D:3: 1454 daAuts
     D:4: 1392 daAuts
     D:5: 1123 daAuts
     D:2: 1091 daAuts
     D:1: 617 daAuts
     D:6: 246 daAuts
